 Dungeon Crawl Stone Soup version 0.29-a0-559-g359e09b9d1 (webtiles) character file.

Game seed: 1027255719536999667

159 Miritol the Bolt Thrower (level 5, -1/30 HPs)
             Began as a Tengu Hunter on June 9, 2022.
             Was an Initiate of Gozag.
             Slain by an orc wizard
             ... wielding a +0 dagger
              (2 damage)
             ... on level 4 of the Dungeon.
             The game lasted 00:05:03 (3315 turns).

Miritol the Bolt Thrower (Tengu Hunter)             Turns: 3315, Time: 00:05:03

Health: -1/30      AC:  4    Str: 12    XL:     5   Next: 40%
Magic:  6/6        EV: 16    Int:  9    God:    Gozag
Gold:   295        SH:  0    Dex: 19    Spells: 4/4 levels left

rFire   . . .      SeeInvis .   a - +1 hand crossbow
rCold   . . .      Faith    .   (no shield)
rNeg    . . .      Spirit   .   f - +0 leather armour
rPois   .          Reflect  .   p - +1 hat
rElec   .          Harm     .   (no cloak)
rCorr   .          Rampage  .   (no gloves)
Will    .....                   (boots unavailable)
Stlth   ++........              (no amulet)
HPRegen 0.10/turn               (no ring)
MPRegen 0.10/turn               (no ring)

@: flying quickly and evasively, quick
A: beak, talons 3, nimble flight
a: Renounce Religion, Potion Petition, Call Merchant, Bribe Branch


You were on level 4 of the Dungeon.
You worshipped Gozag.
Gozag was aware of your devotion.
You visited 1 branch of the dungeon, and saw 4 of its levels.

You collected 340 gold pieces.
You paid 45 gold pieces to Gozag.

Inventory:

Hand Weapons
 a - a +1 hand crossbow (weapon)
 b - a +0 flail
Missiles
 i - 5 poisoned darts
Armour
 f - a +0 leather armour (worn)
 p - a +1 hat (worn)
Jewellery
 e - a ring of fire
Scrolls
 c - 3 scrolls of immolation
 d - 4 scrolls of identify
 h - a scroll of fog {unknown}
 j - a scroll of noise {unknown}
 m - a scroll of vulnerability {unknown}
 n - 2 scrolls of enchant armour
 r - a scroll of blinking {unknown}
Potions
 g - 2 potions of flight {unknown}
 k - a potion of might {unknown}
 l - a potion of attraction {unknown}
 o - 3 potions of mutation {unknown}
 q - a potion of invisibility {unknown}


   Skills:
 - Level 2.0 Fighting
 + Level 5.9 Crossbows
 + Level 4.4 Dodging
 - Level 1.0 Stealth


You had 4 spell levels left.
You didn't know any spells.
Your spell library contained the following spells:

 Spells                   Type           Power      Damage    Failure   Level
 Sting                    Tmut/Pois      0%         1d3       45%         1
 Poisonous Vapours        Pois/Air       0%         N/A       61%         2
 Olgreb's Toxic Radiance  Pois           0%         N/A       99%         4


Dungeon Overview and Level Annotations

Branches:
Dungeon (4/15)             Temple (0/1) D:4

Altars:
Elyvilon
Gozag

Annotations:
D:2 1 runed translucent door, Crazy Yiuf


Innate Abilities, Weirdness & Mutations

You have a beak for a mouth.
You have claws for feet.
Your magical nature lets you fly swiftly and evasively.


Message History

The orc wizard points at you and mumbles some strange words.
You are confused.
You bump into the rock wall.
You bump into the rock wall.
You bump into the rock wall.
You bump into the rock wall.
The orc wizard casts a spell at you.
The magic dart hits something!
You feel less confused.
The orc wizard mumbles some strange words.
The orc wizard flickers and vanishes!
Something tries to affect you, but you resist.
A puff of flame appears from out of thin air!
The puff of flame hits you!
* * * LOW HITPOINT WARNING * * *
You see here a +0 leather armour.
Okay, then.
As you read the scroll labelled VIPORUOTANU, it crumbles to dust.
It is a scroll of identify.
n - 2 scrolls of enchant armour An orc wizard comes into view.
It is wielding a +0 dagger.
You are confused.
The orc closely misses you. The orc closely misses you.
The orc wizard barely misses you.
You hear some strange, mumbled words.
Something tries to affect you, but you resist.
An orc wizard appears from thin air!
Reactivating autopickup.
The orc barely misses you. The orc wizard misses you.
Deactivating autopickup; reactivate with Ctrl-A.
You closely miss something. The orc wizard closely misses you.
The orc completely misses you. The orc wizard casts a spell at you.
You resist with some effort. Something hits you but does no damage.
You feel less confused.
The orc wizard hits you with a +0 dagger.
* * * LOW HITPOINT WARNING * * *
Something hits you.
You die...
Your body crumbles into a pile of gold.

#........... >......#.#.#
#........#.## #.#....#....##
#########.##...#.....# #..
.$.o..........###....# #..
########.............## $ ...
#....#..ooo#...# #.# #.#
#..###..>@.###.# ##.###.#
####
#....#.....#..[###...##.#
...#
#.#...........###.....#.##
.#.#####.#....###...##
..........
.#...##....#...#...##
#.....###.
####.......##..#...#####>...#
#.
.#...##...####......)......#
#. .#.#####.##
#.###.#####.### #. ...# #.#
...# #.# #.# #.


You could see 2 orc wizards and an orc.

Vanquished Creatures
  An iguana (D:4)
  5 adders
  An ufetubus (D:3)
  2 dart slugs
  A worm (D:4)
  8 orcs
  3 ball pythons
  8 bats
  8 endoplasms
  A giant cockroach (D:2)
  8 goblins
  6 hobgoblins
  5 kobolds
  3 quokkas (D:1)
  3 rats
63 creatures vanquished.

Notes
Turn   | Place    | Note
-------+----------+-------------------------------------------
     0 | D:1      | Miritol the Tengu Hunter began the quest for the Orb.
     0 | D:1      | Reached XP level 1. HP: 12/12 MP: 2/2
   298 | D:1      | Reached XP level 2. HP: 17/17 MP: 3/3
   604 | D:1      | Reached XP level 3. HP: 21/21 MP: 4/4
   921 | D:2      | Reached skill level 5 in Crossbows
  1099 | D:2      | Reached XP level 4. HP: 23/26 MP: 5/5
  1363 | D:2      | Found a faded altar of an unknown god.
  1498 | D:2      | Prayed at the altar of an unknown god.
  1498 | D:2      | Became a worshipper of Elyvilon the Healer
  1498 | D:2      | Reached * piety under Elyvilon
  1568 | D:2      | Found an opulent altar of Gozag.
  1768 | D:2      | Fell from the grace of Elyvilon
  1768 | D:2      | Became a worshipper of Gozag Ym Sagoz the Greedy
  1797 | D:2      | Found a runed translucent door.
  1798 | D:2      | Noticed Crazy Yiuf
  2560 | D:3      | Gained mutation: Your magical nature lets you fly swiftly
                  | and evasively. [Tengu growth]
  2560 | D:3      | Reached XP level 5. HP: 27/30 MP: 6/6
  3209 | D:4      | Found a staircase to the Ecumenical Temple.
  3302 | D:4      | HP: 1/30 [something/puff of flame (10)]
  3315 | D:4      | HP: 1/30 [orc wizard/+0 dagger (1)]
  3315 | D:4      | Slain by an orc wizard

Illustrated notes

Levels and vault maps discovered:
D:1:      eino_arrival_tree_alley, layout_loops_ring, minivault_19,
          minmay_distorted
D:2:      layout_basic, basic_altar, hellmonk_ecumenical_altar_run_dry,
          minmay_circle_x, uniq_crazy_yiuf_cottage
D:3:      layout_basic, patterned_corridor
D:4:      layout_loops_ring, minmay_temple_entry_tees, uniq_grinder

Skill      XL: |  1  2  3  4 |
---------------+-------------+-----
Dodging        | 3 4 |  4.4
Crossbows      | 5 |  5.9
Fighting       | |  2.0
Stealth        | |  1.0

Action                   |  1- 3 |  4- 6 || total
-------------------------+-------+-------++-------
Melee: Flail             |     3 |     6 ||     9
       Peck              |     1 |       ||     1
       Hand crossbow     |       |     1 ||     1
       Kick              |       |     1 ||     1
 Fire: Hand crossbow     |    76 |    84 ||   160
Throw: Dart              |       |     2 ||     2
  Use: Scroll            |       |     1 ||     1
Armor: Leather armour    |     6 |     9 ||    15
Dodge: Dodged            |    22 |    31 ||    53

Table legend: (Time is in decaauts)
 A = Elapsed time spent in this place.
 B = Non-inter-level travel time spent in this place.
 C = Inter-level travel time spent in this place.
 D = Time resting spent in this place.
 E = Time spent auto-exploring this place.
 F = Levels seen in this place.
 G = Mean time per level.
                   A        B        C        D        E       F      G
               +--------+--------+--------+--------+--------+-----+--------+
         Total |   3321 |   3149 |    172 |     81 |   2604 |   4 |  830.2 |
       Dungeon |   3321 |   3149 |    172 |     81 |   2604 |   4 |  830.2 |
               +--------+--------+--------+--------+--------+-----+--------+

Top non-repeatable levels by time:
     D:2: 1091 daAuts
     D:1: 914 daAuts
     D:3: 843 daAuts
     D:4: 471 daAuts
